 Dungeon Crawl Stone Soup version 0.21.0-30-g47ce8e4 (webtiles) character file.

303 komo4ek the Slasher (level 6, -16/44 HPs)
             Began as a Demonspawn Gladiator on Jan 28, 2018.
             Was an Initiate of Uskayaw.
             Demolished by an ogre
             ... wielding a +0 giant club
              (23 damage)
             ... on level 4 of the Dungeon.
             The game lasted 00:05:09 (3608 turns).

komo4ek the Slasher (Demonspawn Gladiator)          Turns: 3608, Time: 00:05:09

Health: -16/44     AC: 10    Str: 16    XL:     6   Next: 15%
Magic:  0/6        EV:  7    Int: 10    God:    Uskayaw [......]
Gold:   168        SH:  0    Dex: 14    Spells: 5/5 levels left

rFire    + . .     SeeInvis .   a - +0 long sword
rCold    . . .     Gourm    .   (no shield)
rNeg     . . .     Faith    .   m - +0 chain mail
rPois    .         Spirit   +   c - +0 helmet
rElec    .         Reflect  .   (no cloak)
rCorr    .         Harm     .   (no gloves)
MR       .....                  l - +0 pair of boots
Stlth    ..........             e - amulet of guardian spirit
HPRegen  0.14/turn              h - ring of protection from fire
MPRegen  0.10/turn              (no ring)

@: no status effects
A: talons 1, magic shield, rot immunity
a: Renounce Religion


You were on level 4 of the Dungeon.
You worshipped Uskayaw.
Uskayaw was noncommittal.
You were very hungry.

You visited 1 branch of the dungeon, and saw 5 of its levels.

You collected 168 gold pieces.

Inventory:

Hand Weapons
 a - a +0 long sword (weapon)
Missiles
 d - 3 throwing nets (quivered)
Armour
 b - a +0 leather armour
 c - a +0 helmet (worn)
 l - a +0 pair of boots (worn)
 m - a +0 chain mail (worn)
Jewellery
 e - an amulet of guardian spirit (around neck)
 h - a ring of protection from fire (left hand)
 q - an uncursed amulet of harm {unknown}
 r - an uncursed ring of magical power {unknown}
Scrolls
 g - a scroll of enchant weapon {unknown}
 i - 2 scrolls of identify {unknown}
 j - a scroll of fear {unknown}
 k - a scroll of amnesia {unknown}
 n - a scroll of magic mapping {unknown}
 o - 2 scrolls of teleportation {unknown}
 p - a scroll of enchant armour {unknown}
 t - a scroll of remove curse {unknown}
Potions
 s - a potion of curing {unknown}
 v - a potion of mutation {unknown}
 x - 2 potions of brilliance {unknown}
Books
 w - a book of Conjurations

   Spells                             Type                      Level
   a - Magic Dart                     Conjuration                  1
   b - Searing Ray                    Conjuration                  2
   c - Dazzling Spray                 Conjuration/Hexes            3
   d - Fulminant Prism                Conjuration/Hexes            4
   e - Force Lance                    Conjuration/Translocation    4
   f - Iskenderun's Mystic Blast      Conjuration                  4
Comestibles
 f - 4 rations


   Skills:
 - Level 2.0 Fighting
 + Level 6.3 Long Blades
 - Level 1.7 Throwing
 - Level 2.6 Dodging


You had 5 spell levels left.
You didn't know any spells.

Dungeon Overview and Level Annotations

Branches:
Dungeon (5/15)
 Temple: D:4-7

Altars:
Okawaru
Qazlal
Ru
Trog
Uskayaw
Wu Jian
Xom
Yredelemnul

Annotations:
D:3 2 transporters


Innate Abilities, Weirdness & Mutations

You have sharp toenails.
When hurt, damage is shared between your health and your magic reserves.
You are immune to rotting.


Message History

Unknown command.
The ogre hits you with a giant club!
You stomp with the beat, sending a shockwave through the revelers around you!
The ogre is moderately wounded.
You are feeling very hungry.
You can no longer stomp with the beat.
The ogre hits you with a giant club!!
* * * LOW HITPOINT WARNING * * *
You hit the ogre.
The ogre is moderately wounded.
The ogre hits you with a giant club.
* * * LOW HITPOINT WARNING * * *
Your chain mail prevents you from hitting the ogre.
The ogre is moderately wounded.
The ogre hits you but does no damage.
You barely miss the ogre.
The ogre is moderately wounded.
The ogre hits you with a giant club!!
Ouch! That really hurt!
You die...

#.......# +.......#
.......# ......#
#.....# #.....#
#.....# #..O..#
####...@.#########
..................#
..................#
..................#
..................#
............<.....#
..................##
...................#
#+#########.#####.#


You could see an ogre.

Vanquished Creatures
  A bullfrog (D:4)
  2 worker ants
  An iguana (D:4)
  6 adders
  A shadow imp (D:3)
  4 worms (D:2)
  A dart slug (D:2)
  2 leopard geckos
  6 orcs (D:3)
  2 giant cockroaches
  9 hobgoblins
  13 jackals
  6 kobolds
  A quokka (D:3)
  2 ball pythons (D:3)
  9 bats
  7 frilled lizards
  8 goblins
  8 rats
89 creatures vanquished.

Notes
Turn   | Place    | Note
-------+----------+-------------------------------------------
     0 | D:1      | komo4ek the Demonspawn Gladiator began the quest for the Orb.
     0 | D:1      | Reached XP level 1. HP: 16/16 MP: 1/1
   126 | D:1      | Reached skill level 3 in Long Blades
   290 | D:1      | Gained mutation: You have sharp toenails. [demonic ancestry]
   290 | D:1      | Reached XP level 2. HP: 22/22 MP: 2/2
  1115 | D:2      | Gained mutation: You are immune to rotting. [demonic ancestry]
  1115 | D:2      | Reached XP level 3. HP: 27/27 MP: 3/3
  1228 | D:2      | Reached skill level 4 in Long Blades
  1509 | D:2      | Gained mutation: When hurt, damage is shared between your health and your magic reserves. [demonic ancestry]
  1509 | D:2      | Reached XP level 4. HP: 30/33 MP: 1/4
  1566 | D:2      | Found a sacrificial altar of Ru.
  1909 | D:2      | Found a hide-covered altar of Uskayaw.
  1916 | D:2      | Became a worshipper of Uskayaw the Reveler
  1921 | D:2      | Found a stormy altar of Qazlal.
  1925 | D:2      | Found a shimmering altar of Xom.
  2040 | D:2      | Reached * piety under Uskayaw
  2047 | D:2      | Found an iron altar of Okawaru.
  2160 | D:3      | Found a transporter.
  2220 | D:3      | Reached skill level 5 in Long Blades
  2221 | D:3      | Reached ** piety under Uskayaw
  2238 | D:3      | Found a transporter.
  2329 | D:3      | Found a bloodstained altar of Trog.
  2488 | D:3      | Reached XP level 5. HP: 38/38 MP: 5/5
  2772 | D:3      | Found a faded altar of an unknown god.
  2887 | D:3      | You fall through a shaft!
  2887 | D:4      | Found an ornate altar of the Wu Jian Council.
  2895 | D:5      | Entered Level 5 of the Dungeon
  2937 | D:4      | Reached skill level 6 in Long Blades
  3103 | D:4      | Reached XP level 6. HP: 31/44 MP: 3/6
  3573 | D:4      | Found a basalt altar of Yredelemnul.
  3608 | D:4      | Demolished by an ogre

Skill      XL: |  1  2  3  4  5 |
---------------+----------------+-----
Long Blades    | 3 4 5 6 |  6.3
Fighting       | |  2.0
Throwing       | |  1.7
Dodging        | |  2.6

Action                   |  1- 3 |  4- 6 || total
-------------------------+-------+-------++-------
Melee: Long sword        |    87 |   192 ||   279
       Kick              |    11 |       ||    11
Invok: Stomp             |       |     1 ||     1
  Eat: Chunk             |     1 |     7 ||     8
Armor: Leather armour    |    21 |       ||    21
       Chain mail        |    19 |   120 ||   139
Dodge: Dodged            |    54 |    76 ||   130
       Rpst.: Long sword |    20 |    27 ||    47
